 Dungeon Crawl Stone Soup version 0.26-a0-664-gc8b27b8fc1 (webtiles) character file.

Game seed: 8110096595248179612

10 Decritt the Gusty (level 2, -2/15 HPs)
             Began as a Tengu Air Elementalist on Oct 13, 2020.
             Slain by a kobold
             ... wielding a +0 short sword
              (4 damage)
             ... on level 1 of the Dungeon.
             The game lasted 00:02:02 (195 turns).

Decritt the Gusty (Tengu Air Elementalist)           Turns: 195, Time: 00:02:03

Health: -2/15      AC:  2    Str:  8    XL:     2   Next: 20%
Magic:  1/6        EV: 12    Int: 15    God:
Gold:   8          SH:  0    Dex: 14    Spells: 4/5 levels left

rFire    . . .     SeeInvis .   (no weapon)
rCold    . . .     Faith    .   (no shield)
rNeg     . . .     Spirit   .   a - +0 robe
rPois    .         Reflect  .   (helmet restricted)
rElec    .         Harm     .   (no cloak)
rCorr    .         Rampage  .   (no gloves)
MR       .....                  (boots unavailable)
Stlth    ++........             (no amulet)
HPRegen  0.05/turn              (no ring)
MPRegen  0.10/turn              (no ring)

@: no status effects
A: beak, talons 3
a: no special abilities


You were on level 1 of the Dungeon.
You visited 1 branch of the dungeon, and saw 1 of its levels.

You collected 8 gold pieces.

Inventory:

Armour
 a - a +0 robe (worn)


   Skills:
 - Level 2.1 Dodging
 - Level 2.0 Stealth
 * Level 2.3 Spellcasting
 + Level 1.9 Conjurations
 + Level 4.2 Air Magic


You had 4 spell levels left.
You knew the following spells:

 Your Spells              Type           Power        Failure   Level
a - Shock                 Conj/Air       ##..         6%          1

Your spell library contained the following spells:

 Spells                   Type           Power        Failure   Level
 Swiftness                Air            ##......     6%          2
 Static Discharge         Conj/Air       ##......     19%         3
 Airstrike                Air            ##........   36%         4
 Lightning Bolt           Conj/Air       ##........   86%         5


Dungeon Overview and Level Annotations

Branches:
Dungeon (1/15)

Altars:


Innate Abilities, Weirdness & Mutations

You have a beak for a mouth.
You have claws for feet.


Message History

Aim: a rat The zap misses the rat.
The rat bites you.
* * * LOW HITPOINT WARNING * * *
The rat closely misses you. The rat closely misses you.
Casting: Shock (safe; 6% risk of failure)
Confirm with . or Enter, or press ? or * to list all spells.
Aiming: Shock (safe; 6% risk of failure)
Press: ? - help, Shift-Dir - straight line, f/p - rat
Aim: a rat The zap hits the rat.
You kill the rat!
A rat comes into view.
A hobgoblin comes into view. It is wielding a +0 club.
The hobgoblin shouts!
Found a scroll labeled PUSAHU TIER.
Found a stone staircase leading down.
The rat bites you.
* * * LOW HITPOINT WARNING * * *
The kobold hits you with a +0 short sword.
You die...

#. ##. #. #
#..### .###
#.#..... #...
#.#..#.# #.#.
#.......
#######...
##.....g#
#.........
?......r####.#
#.##..#<#>
#......@....#
#.....##.#
#...>.K######
#.##.#####
#.####.#
#.>###
#.######
#.##.##
#...†..#
#..r..# .
######.#
#K##..##># #.#
#......... #.#
###...##.# #.#
#K##.#


You could see a hobgoblin, a kobold and a rat.

Vanquished Creatures
  An ooze (D:1)
  2 goblins (D:1)
  A bat (D:1)
  3 rats (D:1)
7 creatures vanquished.

Notes
Turn   | Place    | Note
-------+----------+-------------------------------------------
     0 | D:1      | Decritt the Tengu Air Elementalist began the quest for the
                  | Orb.
     0 | D:1      | Reached XP level 1. HP: 10/10 MP: 4/4
   157 | D:1      | Reached XP level 2. HP: 4/15 MP: 0/6
   195 | D:1      | Slain by a kobold

Illustrated notes

Levels and vault maps discovered:
D:1:      onia_arrival_handbag, layout_loops_ring, st_stairs_9,
          chequers_serial_rivers_micro_c, chequers_serial_rivers_marsh,
          minmay_vboxes

Action                   || total
-------------------------++-------
Melee: Unarmed           ||    11
       Kick              ||     2
       Peck              ||     1
 Cast: Shock             ||    16
Armor: Robe              ||     5
Dodge: Dodged            ||    21

Table legend: (Time is in decaauts)
 A = Elapsed time spent in this place.
 B = Non-inter-level travel time spent in this place.
 C = Inter-level travel time spent in this place.
 D = Time resting spent in this place.
 E = Time spent auto-exploring this place.
 F = Levels seen in this place.
 G = Mean time per level.
                   A        B        C        D        E       F      G
               +--------+--------+--------+--------+--------+-----+--------+
         Total |    195 |    195 |      0 |     32 |     64 |   1 |  195.0 |
       Dungeon |    195 |    195 |      0 |     32 |     64 |   1 |  195.0 |
               +--------+--------+--------+--------+--------+-----+--------+

Top non-repeatable levels by time:
     D:1: 195 daAuts
